 Dungeon Crawl Stone Soup version bcrawl-1.21.3-2-g9d8a61a446 (webtiles) character file.

Game seed: 2994558867181128660

386 Ashen the Skirmisher (level 6, 0/57 HPs)
             Began as a Naga Reaver on Apr 22, 2020.
             Was a Believer of Vehumet.
             Slain by a sky beast (2 damage)
             ... on level 4 of the Dungeon.
             The game lasted 00:12:43 (4542 turns).

Ashen the Skirmisher (Naga Reaver)                  Turns: 4542, Time: 00:12:44

Health: 0/57       AC:  4    Str: 13    XL:     6   Next: 78%
Magic:  10/10      EV: 10    Int: 16    God:    Vehumet [**....]
Gold:   218        SH:  1    Dex: 10    Spells: 10/11 levels left

rFire    . . .     SeeInvis +   a - +0 long sword
rCold    . . .     Gourm    .   (no shield)
rNeg     . . .     Faith    .   b - +0 steam dragon scales
rPois    +         Spirit   .   (no helmet)
rElec    .         Reflect  .   (no cloak)
rCorr    .         Harm     .   (no gloves)
MR       .....                  (no barding)
Stlth    ++........             (no amulet)
HPRegen  0.19/turn              (no ring)
MPRegen  0.12/turn              (no ring)

@: short of breath, very slow
A: large, see invisible, deformed body, poison resistance, slowness 2, slow
metabolism 1, spit poison 1, AC +2
a: Spit Poison, Renounce Religion


You were on level 4 of the Dungeon.
You worshipped Vehumet.
Vehumet was pleased with you.
You were not hungry.

You visited 2 branches of the dungeon, and saw 5 of its levels.

You collected 218 gold pieces.

Inventory:

Hand Weapons
 a - a +0 long sword (weapon)
 i - a +2 halberd of venom
 j - a cursed -1 dagger
 t - a +0 blowgun
Missiles
 g - a throwing net (quivered) {!f}
Armour
 b - +0 steam dragon scales (worn)
Wands
 s - a wand of polymorph (11)
Scrolls
 d - a scroll of immolation
 f - a scroll of blinking {unknown}
 h - a scroll of identify
 o - a scroll of fear {unknown}
 p - a scroll of teleportation
 q - a scroll of fog {unknown}
Potions
 c - a potion of haste
 k - a potion of mutation
 l - a potion of brilliance
 m - 4 potions of flight
 n - a potion of agility
Comestibles
 e - 6 rations {!d}


   Skills:
 + Level 4.0 Fighting
 + Level 3.9 Long Blades
 + Level 3.3 Dodging
 + Level 3.5 Stealth
 + Level 3.0 Spellcasting
 + Level 1.8 Conjurations
 + Level 2.0 Air Magic


You had 10 spell levels left.
You knew the following spells:

 Your Spells              Type           Power        Failure   Level  Hunger
a - Shock                 Conj/Air       #....        2%          1    #......

Your spell library contained the following spells:

 Spells                   Type           Power        Failure   Level  Hunger
 Sandblast                Erth           #.....       5%          1    #......
 Iskenderun's Battlesphe  Conj/Chrm      #.......     63%         5    ######.


Dungeon Overview and Level Annotations

Branches:
Dungeon (4/12)             Temple (1/1) D:4

Altars:
Ashenzari
Dithmenos
Elyvilon
Fedhas
Kikubaaqudgha
Lugonu
Qazlal
Ru
Sif Muna
Trog
Uskayaw
Vehumet
Yredelemnul
The Shining One


Innate Abilities, Weirdness & Mutations

You cannot wear boots.
Your serpentine skin is tough. (AC +2)
You have supernaturally acute eyesight. (SInv)
Armour fits poorly on your strangely shaped body.
Your system is resistant to poisons. (rPois)
You cover ground very slowly.
You have a slow metabolism.
You can spit poison.


Message History

Aim: a sky beast (heavily wounded, poisoned, slightly transparent)
The splash of poison hits the sky beast.
The sky beast looks more poisoned.
The sky beast is heavily wounded.
You feel slightly more hungry.
The sky beast hits you but does no damage.
You feel better. The sky beast hits you.
* * * LOW HITPOINT WARNING * * *
The sky beast shocks you.
* * * LOW HITPOINT WARNING * * *
You have got your breath back.
Press: ? - help, Shift-Dir - straight line, f/p - sky beast
Aim: a sky beast (severely wounded, poisoned)
The splash of poison misses the sky beast.
You feel slightly more hungry. The sky beast barely misses you.
The sky beast hits you but does no damage.
The sky beast looks more healthy.
The sky beast flickers out of sight for a moment.
The sky beast hits you.
You die...

####### #######.....#
#############.....#.....###
.......†.......Y@.........##
#############.....#..(..#..#
#.....#.....##.##
#.....########..#
#)....#########)##
########....# #..#
#######....# ##.##
(....#....####..#
....#..........##


You could see a sky beast (invisible).

Vanquished Creatures
  A sky beast (D:3)
  A crimson imp (D:3)
  An orc wizard (D:4)
  An iguana (D:4)
  A worker ant (D:4)
  4 gnolls (D:2)
  3 adders
  An adder skeleton (D:4)
  2 dart slugs
  4 leopard geckos
  14 orcs
  4 bats
  3 giant cockroaches
  13 goblins
  5 hobgoblins
  8 jackals
  5 quokkas
  4 frilled lizards
  11 kobolds
  6 rats
92 creatures vanquished.

Notes
Turn   | Place    | Note
-------+----------+-------------------------------------------
     0 | D:1      | Ashen the Naga Reaver began the quest for the Orb.
     0 | D:1      | Reached XP level 1. HP: 21/21 MP: 3/3
    51 | D:1      | Reached XP level 2. HP: 8/28 MP: 5/5
   543 | D:1      | Reached skill level 1 in Stealth
   606 | D:1      | Reached * piety under Vehumet
   606 | D:1      | Offered knowledge of Shock by Vehumet.
   609 | D:1      | Learned a level 1 spell: Shock
   690 | D:1      | Reached XP level 3. HP: 34/34 MP: 6/6
  1400 | D:2      | Reached XP level 4. HP: 31/42 MP: 7/7
  1763 | D:2      | Found a basalt altar of Yredelemnul.
  2370 | D:3      | HP: 2/42 [orc/+0 club (2)]
  2680 | D:3      | Found a sacrificial altar of Ru.
  2688 | D:3      | Reached skill level 1 in Air Magic
  2688 | D:3      | Reached XP level 5. HP: 43/49 MP: 8/8
  2776 | D:3      | Offered knowledge of Sandblast by Vehumet.
  2782 | D:3      | Reached ** piety under Vehumet
  2782 | D:3      | Reached skill level 1 in Conjurations
  3560 | D:4      | Found a staircase to the Ecumenical Temple.
  3568 | Temple   | Entered the Ecumenical Temple
  3979 | D:4      | Noticed a sky beast
  4005 | D:3      | Killed a sky beast
  4005 | D:3      | Reached XP level 6. HP: 11/57 MP: 10/10
  4513 | D:4      | Noticed a sky beast
  4527 | D:4      | Reached skill level 4 in Fighting
  4536 | D:4      | HP: 1/57 [sky beast (5)]
  4542 | D:4      | Slain by a sky beast

Skill      XL: |  1  2  3  4  5  6 |
---------------+-------------------+-----
Stealth        | 1 2 3 |  3.5
Dodging        | 3 |  3.3
Air Magic      | 1 2 |  2.0
Conjurations   | 1 |  1.8
Spellcasting   | 3 |  3.0
Fighting       | 4 |  4.0
Long Blades    | |  3.9

Action                   |  1- 3 |  4- 6 || total
-------------------------+-------+-------++-------
Melee: Long sword        |    92 |   197 ||   289
 Cast: Shock             |       |     1 ||     1
 Abil: Spit Poison       |     7 |    21 ||    28
  Use: Scroll            |     5 |     1 ||     6
       Potion            |       |     3 ||     3
 Stab: Sleeping          |     3 |     3 ||     6
       Invisible         |       |     1 ||     1
  Eat: Chunk             |     1 |     7 ||     8
       Ration            |       |     1 ||     1
Armor: Steam dragon scal |    39 |    62 ||   101
Dodge: Dodged            |    81 |   114 ||   195
